Map: Orbital Shipyard

Players

Ezecad - Winner!

  • Race: Terran Terran
  • League: Grandmaster

SticklerMac

  • Race: Zerg Zerg
  • League: Grandmaster

VOD

Have the link to the VOD?

Description

Time

  • Played on: June 12, 2015, 7:50 p.m.
  • Length: 20:46
Show
View Real Time Build Order
Export as new Build Order

Ezecad Terran - Winner!

Build Orders: Mech 

Get SALT Encoding   

  12  0:01  SCV  
  13  0:19  SCV  
  14  0:22  Supply Depot  
  14  0:31  SCV  
  15  0:41  Refinery  
  15  0:43  SCV  
  15  0:47  Barracks  
  16  0:54  Refinery  
  16  0:57  SCV  
  17  1:10  SCV  
  18  1:24  SCV  
  19  1:43  Command Center  
  19  1:52  Supply Depot  
  19  2:04  Orbital Command  
  19  2:20  Factory  
  19  2:28  Barracks Tech Lab  
  19  2:32  SCV  
  20  2:46  SCV  
  21  2:56  Orbital Command  
  21  2:57  Refinery  
  21  2:58  SCV  
  22  3:02  Barracks Tech Lab  
  22  3:10  SCV  
  23  3:16  Factory  
  23  3:22  SCV x2  
  25  3:40  SCV x2  
  27  3:47  Barracks Tech Lab  
  27  3:50  Starport  
  27  3:51  Siege Tank  
  27  3:52  SCV  
  31  3:57  SCV  
  32  4:04  Factory  
  32  4:07  Factory  
  32  4:15  SCV x2  
  34  4:24  Barracks Tech Lab  
  34  4:27  SCV x2  
  34  4:29  Armory  
  34  4:31  Armory  
  38  4:36  Siege Tank  
  39  4:41  Starport Reactor  
  39  4:42  SCV x2  
  41  4:48  Refinery  
  41  4:54  SCV x2  
  43  5:02  Factory  
  43  5:07  Factory  
  43  5:14  Barracks Tech Lab  
  43  5:17  Medivac  
  45  5:23  SCV  
  46  5:29  Supply Depot  
  46  5:30  Terran Vehicle Weapons Level 1  
  46  5:34  Supply Depot  
  46  5:50  Command Center  
  46  5:51  SCV  
  46  5:54  Medivac x2  
  51  6:05  Refinery  
  51  6:12  Siege Tank  
  51  6:14  SCV  
  51  6:15  SCV  
  56  6:19  Supply Depot  
  56  6:23  Supply Depot  
  56  6:26  SCV  
  56  6:28  Medivac  
  56  6:31  Factory Tech Lab  
  59  6:38  Siege Tank  
  62  6:46  Supply Depot  
  62  7:00  Supply Depot  
  62  7:04  Refinery  
  62  7:26  Supply Depot  
  62  7:28  Supply Depot, Medivac x2  
  66  7:31  Thor x2  
  66  7:33  SCV x2, Orbital Command  
  80  7:45  SCV x2  
  82  7:57  SCV x2  
  66  8:06  Thor, Siege Tank x2  
  76  8:16  Terran Vehicle Armor Level 1  
  76  8:22  Supply Depot  
  76  8:24  Supply Depot  
  76  8:36  Thor  
  76  8:37  Siege Tank  
  76  8:41  Siege Tank  
  88  8:48  Supply Depot  
  88  8:50  Command Center  
  88  8:51  Engineering Bay  
  88  8:57  Thor  
  94  9:18  Thor, Siege Tank  
  102  9:31  Missile Turret x2  
  102  9:34  Missile Turret  
  102  9:35  Missile Turret  
  102  9:36  Missile Turret x2  
  102  9:41  Missile Turret x2  
  102  9:42  Missile Turret  
  102  9:43  Missile Turret  
  102  9:50  Thor x2, Siege Tank  
  102  9:52  Missile Turret  
  117  9:53  Missile Turret  
  117  9:56  Hellbat  
  117  9:57  Hellbat  
  121  10:01  Hellbat  
  123  10:15  Supply Depot  
  123  10:18  Hellbat x2  
  127  10:22  Hellbat  
  127  10:23  Hellbat  
  127  10:25  Medivac  
  127  10:26  Medivac  
  127  10:27  Terran Vehicle Weapons Level 2  
  135  10:29  Terran Vehicle Armor Level 2  
  135  10:33  Siege Tank, Hellbat  
  140  12:18  Command Center  
  140  12:23  Thor x2, Siege Tank  
  155  13:07  Siege Tank  
  156  13:21  Siege Tank  
  156  13:22  Siege Tank  
  156  13:23  Siege Tank  
  153  13:29  Thor x2  
  153  13:32  Refinery  
  165  13:40  Siege Tank  
  168  13:55  Orbital Command, Hellbat x2  
  170  14:12  Hellbat  
  172  14:35  Starport Tech Lab  
  172  14:43  Supply Depot  
  172  14:51  Command Center, Supply Depot  
  172  14:58  Starport  
  172  15:04  Thor  
  172  15:05  Hellbat  
  179  15:07  Supply Depot  
  179  15:12  Raven  
  179  15:13  Hellbat x3  
  187  15:14  Supply Depot  
  187  15:29  Hellbat x2  
  187  15:33  Supply Depot  
  187  15:34  Hellbat x2  
  195  15:36  Hellbat  
  197  15:47  Hellbat  
  197  15:49  Refinery  
  199  15:51  Liberator  
  199  16:09  Hellbat  
  200  16:31  Hellbat  
  200  16:36  Hellbat  
  199  16:49  Liberator  
  199  16:55  Hellbat  
  179  17:21  SCV  
  180  17:32  Liberator  
  180  17:33  SCV  
  179  17:53  Thor x2, Siege Tank x2  
  179  17:54  Siege Tank  
  166  18:07  Thor  
  166  18:09  Command Center  
  142  18:25  Thor, Siege Tank  
  142  18:26  Siege Tank  
  154  18:30  Unknown  
  154  18:36  Thor, Siege Tank  
  157  18:49  Thor  
  161  18:57  Siege Tank, Liberator  
  161  18:58  Thor  
  170  19:08  Thor, Siege Tank  
  179  19:16  Liberator  
  181  19:19  Siege Tank  
  184  19:30  Siege Tank  
  183  19:32  Thor  
  191  19:40  Thor, Siege Tank  
  200  19:51  Siege Tank x2  
  188  20:01  Thor  
Show
View Real Time Build Order
Export as new Build Order

SticklerMac Zerg 

Build Orders: Pool First, Lurkers, Swarm Host 

Get SALT Encoding   

  12  0:01  Drone  
  13  0:09  Drone  
  14  0:17  Overlord  
  14  0:24  Extractor  
  14  0:25  Drone  
  15  0:35  Drone x2  
  16  0:50  Spawning Pool  
  16  0:52  Drone  
  16  0:56  Drone  
  17  1:22  Hatchery  
  16  1:25  Drone  
  17  1:38  Queen  
  19  1:42  Drone  
  19  1:46  Drone  
  21  1:52  Drone  
  22  1:58  Overlord  
  22  2:20  Hatchery  
  21  2:23  Drone  
  21  2:25  Drone  
  23  2:35  Drone  
  24  2:43  Drone x2  
  26  2:49  Drone x4  
  30  2:53  Drone  
  30  2:57  Overlord  
  31  3:05  Overlord  
  31  3:07  Drone  
  31  3:09  Drone  
  33  3:16  Queen  
  33  3:19  Drone  
  36  3:24  Lair  
  36  3:25  Drone  
  37  3:27  Drone  
  37  3:29  Drone  
  37  3:31  Drone  
  37  3:34  Drone  
  41  3:38  Queen  
  41  3:40  Drone  
  44  3:42  Drone  
  44  3:43  Drone  
  46  3:59  Drone x3  
  46  4:00  Drone  
  50  4:04  Drone x5  
  50  4:08  Extractor  
  54  4:11  Extractor  
  54  4:14  Drone x4  
  57  4:17  Extractor  
  57  4:22  Drone x2  
  58  4:35  Overlord x4  
  58  4:52  Spire  
  57  4:55  Infestation Pit  
  57  4:58  Drone  
  57  5:02  Drone  
  57  5:06  Drone x6  
  65  5:07  Drone x6  
  70  5:14  Extractor  
  70  5:16  Extractor  
  68  5:32  Hive  
  68  5:46  Hydralisk Den  
  68  5:48  Overlord x3  
  68  5:49  Overlord x5  
  67  5:56  Drone x4  
  71  6:00  Drone  
  72  6:16  Mutalisk x5  
  72  6:17  Mutalisk x2, Hydralisk  
  72  6:18  Hydralisk x6  
  88  6:23  Zerg Flyer Weapons Level 1  
  88  6:25  Muscular Augments  
  100  6:28  Zergling x18  
  100  6:29  Metabolic Boost  
  109  6:37  Hatchery  
  109  6:38  Hydralisk  
  109  6:39  Hydralisk  
  112  6:40  Hydralisk  
  112  6:41  Hydralisk  
  116  6:56  Mutalisk x2  
  120  7:26  Hydralisk x3  
  120  7:28  Lurker Den  
  126  7:49  Mutalisk x2  
  126  7:50  Mutalisk, Hydralisk x2  
  126  7:51  Hydralisk x2  
  138  8:22  Queen  
  141  8:27  Zergling x20  
  141  8:28  Zergling x20  
  141  8:30  Overlord x12  
  159  9:25  Mutalisk x5  
  159  9:27  Lurker  
  159  9:28  Lurker x10  
  180  9:32  Hydralisk x2  
  184  9:39  Zergling x24  
  184  9:40  Zergling x8  
  197  10:54  Hydralisk  
  193  11:18  Mutalisk  
  193  11:19  Mutalisk x2  
  199  12:05  Hatchery  
  198  12:10  Zerg Flyer Weapons Level 2  
  198  12:15  Adrenal Glands  
  155  12:55  Viper x2  
  155  12:56  Viper x2  
  155  12:57  Viper  
  170  13:01  Swarm Host x10  
  186  13:29  Lurker x3  
  186  13:30  Lurker x2  
  186  13:33  Mutalisk x4  
  199  15:19  Hatchery  
  150  16:59  Hydralisk  
  150  17:00  Hydralisk x28  
  189  17:17  Viper x3  
  189  17:19  Mutalisk  
  130  18:05  Hydralisk  
  130  18:06  Hydralisk x14  
  130  18:07  Hydralisk x2  
  111  18:13  Hydralisk  
  107  18:26  Hydralisk x3  
  107  18:38  Zergling x6  
  107  18:39  Zergling x2  
  92  18:53  Hydralisk x3  
  92  18:55  Zergling x12  
  103  18:56  Zergling x10  
  109  19:06  Zergling x6  
  112  19:10  Queen  
  112  19:14  Zergling x2  
  85  19:31  Zergling x2  
  85  19:32  Zergling x4  
  52  20:09  Spine Crawler  
  52  20:10  Spine Crawler  
  52  20:11  Spine Crawler x3  
  52  20:12  Spine Crawler x2  
  45  20:14  Spine Crawler  
  45  20:15  Spine Crawler  
  45  20:16  Spine Crawler x5  
  45  20:17  Spine Crawler x3  
  33  20:22  Spine Crawler x2  
  33  20:23  Spine Crawler x2  
  33  20:25  Spine Crawler x3  
  33  20:26  Spine Crawler x3  
  33  20:27  Spine Crawler x2  
  33  20:28  Spine Crawler x2  
  18  20:29  Spine Crawler x2  
  18  20:31  Spine Crawler x3  
  18  20:32  Spine Crawler x2  
  18  20:35  Spine Crawler  
Tags
 
Add a new tag
Caveats
  • Supply blocks, unpowered buildings, or Contaminate may cause inaccurate times.
  • Supply counts are checked every 10 seconds.